 Dungeon Crawl Stone Soup version 0.30-a0-1018-g25214051b3 (webtiles) character file.

Game seed: 8005847427207203269

81 ytrimaz the Digger (level 4, -1/30 HPs)
             Began as a Formicid Earth Elementalist on Apr 8, 2023.
             Slain by an orc priest
             ... wielding a +0 falchion
              (3 damage)
             ... on level 3 of the Dungeon.
             The game lasted 00:02:26 (2260 turns).

ytrimaz the Digger (Formicid Earth Elementalist)    Turns: 2260, Time: 00:02:27

Health: -1/30      AC:  2    Str:  9 (12) XL:     4   Next: 68%
Magic:  1/8        EV: 12    Int: 16 (17) God:
Gold:   1066       SH:  0    Dex: 12 (14) Spells: 6/9 levels left

rFire   . . .      SeeInvis +    (no weapon)
rCold   . . .      Faith    .    (no shield)
rNeg    . . .      Spirit   .    a - +0 robe
rPois   +          Reflect  .    (helmet unavailable)
rElec   .          Rampage  .    (no cloak)
rCorr   +                        (no gloves)
Will    .....                    (no boots)
Stlth   ++                       (no amulet)
HPRegen 0.25/turn                c - ring of poison resistance
MPRegen 0.11/turn                o - ring of resist corrosion

@: no status effects
A: permanent stasis, dig shafts and tunnels, antennae 3, four strong arms, wild
magic 1
a: Dig, Shaft Self


You were on level 3 of the Dungeon.
You visited 1 branch of the dungeon, and saw 3 of its levels.

You collected 1066 gold pieces.


Innate Abilities, Weirdness & Mutations

You cannot be hasted, slowed, berserked, paralysed or teleported.
You can dig through walls and to a lower floor.
You have a pair of large antennae on your head. (SInv)
Your four strong arms can wield two-handed weapons with a shield.
Your spells are a little harder to cast, but a little more powerful.


   Skills:
 - Level 1.9 Dodging
 - Level 2.6 Stealth
 + Level 3.1 Spellcasting
 + Level 2.5 Transmutations
 + Level 4.5 Earth Magic


You had 6 spell levels left.
You knew the following spells:

 Your Spells              Type           Power      Damage    Failure   Level
a - Sandblast             Erth           44%        2d11      5%          1
b - Passwall              Tmut/Erth      15%        N/A       10%         2

Your spell library contained the following spells:

 Spells                   Type           Power      Damage    Failure   Level
 Stone Arrow              Conj/Erth      24%        3d8       30%         3
 Petrify                  Tmut/Erth      18%        N/A       47%         4

Inventory:

Armour
 a - a +0 robe (worn)
Jewellery
 c - a ring of poison resistance (left hand)
   (You found it on level 1 of the Dungeon)
 o - a ring of resist corrosion (right hand)
   (You found it on level 2 of the Dungeon)
 p - an amulet of faith
   (You found it on level 3 of the Dungeon)
Scrolls
 d - a scroll of noise {unknown}
 l - a scroll of amnesia {unknown}
 m - a scroll of fear {unknown}
 n - a scroll of fog {unknown}
 q - a scroll of identify
 r - a scroll of enchant armour {unknown}
Potions
 b - 2 potions of magic
 e - a potion of curing {unknown}
 f - a potion of lignification {unknown}
 g - 5 potions of brilliance
 h - a potion of heal wounds {unknown}
 i - a potion of mutation
 j - a potion of flight {unknown}
 k - 2 potions of degeneration

Dungeon Overview and Level Annotations

Branches:
Dungeon (3/15) Zot: 15697

Altars:

Annotations:
D:3 1 runed translucent door, Crazy Yiuf

## ##.. ##...
#.... #...#
.###... #
......o###.#
........@.).#
#........##.####
..##.............
........##.####.#
.# #.##.......#
#.###.###
#.##.......#
#.#..... ########
#........###
#.#.#.# .......#
######...#
#.#...# ######.#
#...# ##.....#


You could see an orc priest.


Message History

You are too injured to fight recklessly!
You are too injured to fight recklessly!
You are too injured to fight recklessly!
Unknown command.
The orc hits you with a +0 falchion. 😮 HP[-4]
You take 4 damage, and now have 18/30 hp.
You are too injured to fight recklessly!
Casting: Sandblast (safe; 2% risk of failure)
Confirm with . or Enter, or press ? or * to list all spells.
Aiming: Sandblast (safe; 2% risk of failure)
Press: ? - help, Shift-Dir - straight line, f/p - orc
Aim: an orc, wielding a +0 falchion and quivering boomerangs (82% to hit)
The blast of sand hits the orc.
The orc closely misses you. 😮 HP[+1] MP[-1]
You lost 1 mp, and now have 5/8 mp.
Unknown command.
Casting: Sandblast (safe; 2% risk of failure)
Confirm with . or Enter, or press ? or * to list all spells.
Aiming: Sandblast (safe; 2% risk of failure)
Press: ? - help, Shift-Dir - straight line, f/p - orc
Aim: an orc, wielding a +0 falchion and quivering boomerangs (almost dead, 82% to hit)
The blast of sand hits the orc!
You kill the orc! 😮 MP[-1]
You lost 1 mp, and now have 4/8 mp.
Unknown command.
Casting: Sandblast (safe; 2% risk of failure)
Confirm with . or Enter, or press ? or * to list all spells.
You don't know that spell.
An orc priest comes into view. It is wielding a +0 falchion.
The orc priest shouts!
Casting: Sandblast (safe; 2% risk of failure)
Confirm with . or Enter, or press ? or * to list all spells.
Aiming: Sandblast (safe; 2% risk of failure)
Press: ? - help, Shift-Dir - straight line, f - orc priest
Aim: an orc priest, wielding a +0 falchion and wearing a +0 ring mail (84% to hit)
The blast of sand hits the orc priest but does no damage. 😮 HP[+1] Unknown command.
Casting: Sandblast (safe; 2% risk of failure)
Confirm with . or Enter, or press ? or * to list all spells.
Aiming: Sandblast (safe; 2% risk of failure)
Press: ? - help, Shift-Dir - straight line, f/p - orc priest
Aim: an orc priest, wielding a +0 falchion and wearing a +0 ring mail (84% to hit)
The blast of sand hits the orc priest.
The orc priest barely misses you. x2 😮 MP[-1]
You lost 1 mp, and now have 3/8 mp.
Unknown command.
Casting: Sandblast (safe; 2% risk of failure)
Confirm with . or Enter, or press ? or * to list all spells.
Aiming: Sandblast (safe; 2% risk of failure)
Press: ? - help, Shift-Dir - straight line, f/p - orc priest
Aim: an orc priest, wielding a +0 falchion and wearing a +0 ring mail (moderately wounded, 84% to hit)
The blast of sand hits the orc priest but does no damage.
The orc priest barely misses you. 😮 MP[-1]
You lost 1 mp, and now have 2/8 mp.
Unknown command.
Casting: Sandblast (safe; 2% risk of failure)
Confirm with . or Enter, or press ? or * to list all spells.
Aiming: Sandblast (safe; 2% risk of failure)
Press: ? - help, Shift-Dir - straight line, f/p - orc priest
Aim: an orc priest, wielding a +0 falchion and wearing a +0 ring mail (moderately wounded, 84% to hit)
The blast of sand hits the orc priest but does no damage.
The orc priest calls down the wrath of Beogh upon you.
Beogh smites you!
* * * LOW HITPOINT WARNING * * *
The orc priest hits you but does no damage. 😨 HP[-8] MP[-1]
You take 8 damage, and now have 12/30 hp.
MASSIVE DAMAGE!! (PAUSE)
You lost 1 mp, and now have 1/8 mp.
Casting: Sandblast (safe; 2% risk of failure)
Confirm with . or Enter, or press ? or * to list all spells.
Aiming: Sandblast (safe; 2% risk of failure)
Press: ? - help, Shift-Dir - straight line, f/p - orc priest
Aim: an orc priest, wielding a +0 falchion and wearing a +0 ring mail (moderately wounded, 84% to hit)
The blast of sand hits the orc priest but does no damage.
The orc priest hits you with a +0 falchion!
* * * LOW HITPOINT WARNING * * *
😱 HP[-9] MP[-1]
You take 9 damage, and now have 3/30 hp.
MASSIVE DAMAGE!! (PAUSE)
You lost 1 mp, and now have 0/8 mp.
Casting: Sandblast (safe; 2% risk of failure)
Confirm with . or Enter, or press ? or * to list all spells.
You don't know that spell.
It was a potion of mutation.
You feel extremely strange.
You feel less in control of your magic.
The orc priest hits you with a +0 falchion.
* * * LOW HITPOINT WARNING * * *
😱 HP[-2]
You take 2 damage, and now have 1/30 hp.
Unknown command.
It was a potion of degeneration.
There was something very wrong with that liquid.
You feel weakened.
You feel dopey.
You feel clumsy.
The orc priest hits you with a +0 falchion.
You die...

Skill      XL: |  1  2  3  4 |
---------------+-------------+-----
Earth Magic    | 4 |  4.5
Transmutations | 2 |  2.5
Spellcasting   | 3 |  3.1
Dodging        | |  1.9
Stealth        | |  2.6

Action                     |  1- 3 |  4- 6 || total
---------------------------+-------+-------++-------
   Cast: Sandblast         |    33 |    29 ||    62
    Use: Scroll            |     5 |       ||     5
         Potion            |       |     2 ||     2
 Armour: Robe              |     1 |     2 ||     3
  Dodge: Dodged            |     5 |    21 ||    26

Levels and vault maps discovered:
D:1:      onia_arrival_pyramid, layout_loops_ring,
          hellmonk_ecumenical_altar_lost_god, chequers_serial_rivers_micro_b
D:2:      kennysheep_big_flooded_room, layout_rooms, columned_hall_lemuel,
          chequers_big_river, kennysheep_generic_room_8
D:3:      layout_loops_cross, uniq_robin, uniq_crazy_yiuf_cottage

Notes
Turn   | Place    | Note
-------+----------+-------------------------------------------
     0 | D:1      | ytrimaz the Formicid Earth Elementalist began the quest for
                  | the Orb.
     0 | D:1      | Reached XP level 1. HP: 13/13 MP: 3/3
     0 | D:1      | magus.rc [v1.9.6]
   193 | D:1      | Reached XP level 2. HP: 19/19 MP: 3/5
   306 | D:1      | Found a faded altar of an unknown god.
   790 | D:1      | Identified a scroll of acquirement
   791 | D:1      | Acquired 935 gold pieces
   860 | D:2      | Reached XP level 3. HP: 23/24 MP: 1/6
   921 | D:2      | Reached skill level 4 in Earth Magic
   996 | D:2      | Reached skill level 2 in Transmutations
  1739 | D:3      | Noticed Robin
  1741 | D:3      | Reached XP level 4. HP: 28/30 MP: 6/8
  1753 | D:2      | Reached skill level 3 in Spellcasting
  1806 | D:3      | Killed Robin
  2084 | D:3      | Learned a level 2 spell: Passwall
  2130 | D:3      | Found a runed translucent door.
  2131 | D:3      | Noticed Crazy Yiuf
  2258 | D:3      | HP: 3/30 [orc priest/+0 falchion (9)]
  2259 | D:3      | Gained mutation: Your spells are a little harder to cast,
                  | but a little more powerful. [potion of mutation]
  2259 | D:3      | HP: 1/30 [orc priest/+0 falchion (2)]
  2260 | D:3      | Slain by an orc priest

Vanquished Creatures
  Robin (D:3)
  2 adders (D:2)
  A worm (D:3)
  A dart slug (D:2)
  2 orcs (D:3)
  2 bats
  2 endoplasms
  A giant cockroach (D:3)
  7 goblins
  6 hobgoblins
  3 quokkas
  4 ball pythons
  6 kobolds
  4 rats
42 creatures vanquished.

Table legend:
 A = Non-vault XP
 B = Vault XP
 C = Vault XP percentage of total XP
 D = Non-vault monster count
 E = Vault monster count
 F = Vault count percentage of total count
                 A         B        C        D         E       F
            +---------+---------+-------+---------+---------+-------
      Total |      78 |      39 |  33.3 |      29 |      13 |  31.0
            +---------+---------+-------+---------+---------+-------
        D:1 |      21 |       0 |   0.0 |      14 |       0 |   0.0
        D:2 |      40 |      17 |  29.8 |       8 |       9 |  52.9
        D:3 |      17 |      22 |  56.4 |       7 |       4 |  36.4
            +---------+---------+-------+---------+---------+-------

Illustrated notes

Table legend:
 A = Kills in this place as a percentage of kills in the entire game.
 B = Kills by you in this place as a percentage of kills by you in the entire game.
 C = Kills by friends in this place as a percentage of kills by friends in the entire game.
 D = Other kills in this place as a percentage of other kills in the entire game.
 E = Experience gained in this place as a percentage of experience gained in the entire game.
 F = Experience gained in this place divided by the number of levels of this place that you have seen.
                   A       B       C       D       E      F
               +-------+-------+-------+-------+-------+----------------------
         Total | 100.0 | 100.0 |   N/A |   N/A | 100.0 |  39.0
       Dungeon | 100.0 | 100.0 |   N/A |   N/A | 100.0 |  39.0
               +-------+-------+-------+-------+-------+----------------------

Table legend: (Time is in decaauts)
 A = Elapsed time spent in this place.
 B = Non-inter-level travel time spent in this place.
 C = Inter-level travel time spent in this place.
 D = Time resting spent in this place.
 E = Time spent auto-exploring this place.
 F = Levels seen in this place.
 G = Mean time per level.
                   A        B        C        D        E       F      G
               +--------+--------+--------+--------+--------+-----+--------+
         Total |   2301 |   2225 |     76 |     46 |   1934 |   3 |  767.0 |
       Dungeon |   2301 |   2225 |     76 |     46 |   1934 |   3 |  767.0 |
               +--------+--------+--------+--------+--------+-----+--------+

Top non-repeatable levels by time:
     D:2: 979 daAuts
     D:1: 844 daAuts
     D:3: 478 daAuts
